AoeStats
← UgA_TeChNo_Rlz

Hideout

508342667Analyzed
1v1 RM · 10d ago on Sep 22, 2026· 27m 48s· 2 players
Game mode
Random Map
Map size
Tiny (2 player)
Population
200
Speed
Normal
Resources
Standard
Victory
Conquest
Starting age
Dark Age
Ending age
Imperial Age
RankedLock teamsTeams togetherTeam positionsShared explorationLock speedFull tech treeHidden civsTurbo modeCheats
Victory
Defeat
🇪🇸 Mongols · Spain
492
+19
🇧🇷 Vikings · Brazil
549
-19
Atabawak
10:27 Feudal Age
10:48 Horse Collar
18:57 Castle Age
21:01 Bloodlines
21:01 Husbandry
24:18 Forging
24:14 Scale Barding Armor
UgA_TeChNo_Rlz
0:26 Loom
11:40 Feudal Age
17:06 Castle Age
18:18 Double-Bit Axe
19:13 Town Watch
19:13 Horse Collar
20:23 Gold Mining
21:01 Scale Barding Armor
21:35 Pikeman
22:49 Scale Mail Armor
22:36 Crossbowman
Connection lost

Rejoining the realm…

Still unreachable

The connection could not be restored.

Session expired

The server has moved on; the page needs a fresh start.